 Dungeon Crawl Stone Soup version 0.31-a0-358-gac0dbeb3ab (webtiles) character file.

Game seed: 240422776030376226

81 cforsyth the Charlatan (level 4, 0/34 HPs)
             Began as a Gnoll Artificer on July 25, 2023.
             Slain by Crazy Yiuf
             ... wielding a +3 quarterstaff of chaos
              (5 damage)
             ... on level 3 of the Dungeon.
             The game lasted 00:03:23 (2675 turns).

cforsyth the Charlatan (Gnoll Artificer)            Turns: 2675, Time: 00:03:23

Health: 0/34       AC:  6    Str: 12    XL:     4   Next: 42%
Magic:  5/5        EV: 11    Int: 12    God:
Gold:   113        SH:  6    Dex: 17    Spells: 5/5 levels left

rFire   + . .        C - +7 hammer of the Two Names {heavy, rPois rF+ Dex+5}
rCold   + . .        h - +2 buckler
rNeg    . . .        y - +0 ring mail
rPois   +            (no helmet)
rElec   .            (no cloak)
rCorr   .            (no gloves)
SInv    .            (no boots)
Will    .....        m - amulet of the acrobat
Stlth   ++           l - ring of protection from cold
HPRegen 0.25/turn    (no ring)
MPRegen 0.09/turn

%: acrobat
@: lethally poisoned (0 -> -7)
A: fangs 1, strong nose, distributed training
a: no special abilities


You were on level 3 of the Dungeon.
You visited 1 branch of the dungeon, and saw 3 of its levels.

You collected 113 gold pieces.

Inventory:

Hand Weapons
 a - a +0 club
 x - a +0 mace
 B - a +0 hammer of protection
 C - the +7 hammer of the Two Names (weapon) {heavy, rPois rF+ Dex+5}
   (You found it on level 3 of the Dungeon)

   Dex:       It affects your dexterity (+5).
   rF:        It protects you from fire.
   rPois:     It protects you from poison.
Armour
 b - a +0 leather armour
 h - a +2 buckler (worn)
 y - a +0 ring mail (worn)
Jewellery
 l - a ring of protection from cold (left hand)
 m - an amulet of the acrobat (around neck)
 w - a ring of willpower
Wands
 c - a wand of flame (15) (quivered)
 d - a wand of charming (15)
 e - a wand of iceblast (5)
 z - a wand of roots (14)
Scrolls
 g - 3 scrolls of enchant armour {unknown}
 k - a scroll of noise {unknown}
 n - 2 scrolls of teleportation {unknown}
 o - a scroll of torment {unknown}
 q - a scroll of vulnerability {unknown}
 s - 2 scrolls of amnesia {unknown}
 u - a scroll of brand weapon {unknown}
 v - 8 scrolls of identify {unknown}
Potions
 f - a potion of lignification {unknown}
 i - a potion of magic {unknown}
 j - 3 potions of haste {unknown}
 p - 4 potions of curing {unknown}
 r - a potion of mutation {unknown}
 t - a potion of might {unknown}
 A - a potion of brilliance {unknown}


   Skills:
 + Level 2.7 Fighting
 + Level 1.1 Short Blades
 + Level 1.1 Long Blades
 + Level 1.1 Axes
 + Level 1.1 Maces & Flails
 + Level 1.1 Polearms
 + Level 1.1 Staves
 + Level 1.1 Ranged Weapons
 + Level 1.1 Throwing
 + Level 4.6 Armour
 + Level 2.7 Dodging
 + Level 2.5 Stealth
 + Level 1.1 Shields
 + Level 1.1 Unarmed Combat
 + Level 1.1 Spellcasting
 + Level 0.9 Conjurations
 + Level 0.9 Hexes
 + Level 0.9 Summonings
 + Level 0.9 Necromancy
 + Level 0.9 Translocations
 + Level 0.9 Transmutations
 + Level 0.9 Fire Magic
 + Level 0.9 Ice Magic
 + Level 0.9 Air Magic
 + Level 0.9 Earth Magic
 + Level 0.9 Poison Magic
 + Level 1.2 Invocations
 + Level 6.6 Evocations
 + Level 0.9 Shapeshifting


You had 5 spell levels left.
You didn't know any spells.
Your spell library was empty.

Dungeon Overview and Level Annotations

Branches:
Dungeon (3/15)

Altars:
Sif Muna

Shops:
D:1 (   D:3 [

Annotations:
D:3 2 runed translucent doors, Crazy Yiuf


Innate Abilities, Weirdness & Mutations

You have very sharp teeth.
Your uncanny sense of smell can sniff out nearby items.
Your experience applies equally to all skills.


Message History

Found six hammers.
Found a runed translucent door.
You see here a +0 hammer.
Found a hammer.
You see here the +7 hammer of the Two Names {heavy, rPois rF+ Dex+5}.
C - the +7 hammer of the Two Names {heavy, rPois rF+ Dex+5} Your +0 hammer of protection goes still.
You feel agile.
C - the +7 hammer of the Two Names (weapon)
{heavy, rPois rF+ Dex+5} Your movement speed is average.
Your attack delay is about 2.0.
Your damage rating with the +7 hammer of the Two Names {heavy, rPois rF+ Dex+5} is about 22 (Base [8 + 6 (Hvy)] x 105% (Str) x 106% (Skill) + 7 (Ench)).
Your base attributes are Str 12, Int 12, Dex 12.
You see here a +0 hammer.
Unknown command.
Crazy Yiuf shouts!
You see here a +0 hammer.
Found three hammers.
You see here a +0 hammer.
You open the door. You hit Crazy Yiuf. Your bite misses Crazy Yiuf.
Crazy Yiuf is lightly wounded.
Crazy Yiuf misses you.
Crazy Yiuf zaps a wand.
The puff of flame hits you. You resist.
You sock Crazy Yiuf! You bite Crazy Yiuf, but do no damage.
Crazy Yiuf is heavily wounded.
Crazy Yiuf hits you with a +3 quarterstaff of chaos.
Crazy Yiuf hits you with a +3 quarterstaff of chaos!
You are lethally poisoned!
You sock Crazy Yiuf! Your bite misses Crazy Yiuf.
Crazy Yiuf is almost dead.
* * * LOW HITPOINT WARNING * * *
You feel extremely sick.
Crazy Yiuf cries, "You leg down broken song, no?"
You block Crazy Yiuf's attack. x2
You hit Crazy Yiuf. You bite Crazy Yiuf, but do no damage.
Crazy Yiuf is almost dead.
* * * LOW HITPOINT WARNING * * *
You feel very sick.
Crazy Yiuf cries, "Goldfish light senile!"
Crazy Yiuf hits you with a +3 quarterstaff of chaos.
You die...

................ >..#
#######......... ...# #
#########. ..... # ###### # #
##########♣♣ ###
.......)+..♣♣ ♣♣#)))#
............♣♣♣♣@g)).#
............)♣.)♣#)))#
######..+).)♣)♣♣♣ ### #
#####♣♣♣♣♣ ###### # #.[..# #
##### ####.#
###############...#########.#
............................#
############..###############


You could see Crazy Yiuf.

Vanquished Creatures
  An adder (D:2)
  2 worms
  4 dart slugs
  7 endoplasms
  4 giant cockroaches
  3 goblins
  3 hobgoblins
  2 quokkas
  9 ball pythons
  4 bats
  5 frilled lizards
  8 kobolds
  4 rats
56 creatures vanquished.

Notes
Turn   | Place    | Note
-------+----------+-------------------------------------------
     0 | D:1      | cforsyth the Gnoll Artificer began the quest for the Orb.
     0 | D:1      | Reached XP level 1. HP: 17/17 MP: 1/1
   170 | D:1      | Reached XP level 2. HP: 23/23 MP: 2/2
   347 | D:1      | Found a faded altar of an unknown god.
   462 | D:1      | Found Efamysax's Antique Weapon Boutique.
   651 | D:1      | Reached XP level 3. HP: 24/28 MP: 3/3
  1012 | D:2      | Found a shimmering blue altar of Sif Muna.
  1135 | D:2      | Reached skill level 1 in Invocations
  1562 | D:2      | Reached skill level 1 in Short Blades
  1562 | D:2      | Reached skill level 1 in Long Blades
  1562 | D:2      | Reached skill level 1 in Axes
  1562 | D:2      | Reached skill level 1 in Maces & Flails
  1562 | D:2      | Reached skill level 1 in Polearms
  1562 | D:2      | Reached skill level 1 in Staves
  1562 | D:2      | Reached skill level 1 in Ranged Weapons
  1562 | D:2      | Reached skill level 1 in Throwing
  1562 | D:2      | Reached skill level 1 in Shields
  1562 | D:2      | Reached skill level 1 in Unarmed Combat
  1562 | D:2      | Reached skill level 1 in Spellcasting
  1738 | D:2      | Reached XP level 4. HP: 34/34 MP: 5/5
  2352 | D:3      | Found Boun Kask's Antique Armour Shoppe.
  2446 | D:3      | Found a large runed translucent door.
  2447 | D:3      | Found a large runed translucent door.
  2663 | D:3      | Found a runed translucent door.
  2664 | D:3      | Identified the +7 hammer of the Two Names {heavy, rPois rF+
                  | Dex+5}
  2664 | D:3      | Noticed Crazy Yiuf
  2675 | D:3      | Slain by Crazy Yiuf

Illustrated notes

Levels and vault maps discovered:
D:1:      ncdulo_halloftheorcs, layout_loops_cross,
          hellmonk_ecumenical_altar_blasted, serial_shops, nicolae_shop_trees
D:2:      layout_basic, basic_altar
D:3:      layout_basic, jmf_multi_god_temple2, serial_shops, shop,
          uniq_crazy_yiuf_cottage

Skill      XL: |  1  2  3 |
---------------+----------+-----
Invocations    | 1 |  1.2
Short Blades   | 1 |  1.1
Long Blades    | 1 |  1.1
Axes           | 1 |  1.1
Maces & Flails | 1 |  1.1
Polearms       | 1 |  1.1
Staves         | 1 |  1.1
Ranged Weapons | 1 |  1.1
Throwing       | 1 |  1.1
Shields        | 1 |  1.1
Unarmed Combat | 1 |  1.1
Spellcasting   | 1 |  1.1
Fighting       | |  2.7
Armour         | |  4.6
Dodging        | |  2.7
Stealth        | |  2.5
Conjurations   | |  0.9
Hexes          | |  0.9
Summonings     | |  0.9
Necromancy     | |  0.9
Translocations | |  0.9
Transmutations | |  0.9
Fire Magic     | |  0.9
Ice Magic      | |  0.9
Air Magic      | |  0.9
Earth Magic    | |  0.9
Poison Magic   | |  0.9
Evocations     | |  6.6
Shapeshifting  | |  0.9

Action                     |  1- 3 |  4- 6 || total
---------------------------+-------+-------++-------
  Melee: Club              |   192 |       ||   192
         Bite              |    25 |     5 ||    30
         Mace              |    25 |    56 ||    81
   Stab: Sleeping          |     8 |     1 ||     9
 Armour: Leather armour    |    63 |     1 ||    64
         Ring mail         |       |    10 ||    10
  Dodge: Dodged            |   135 |    26 ||   161
  Block: Buckler           |    41 |    10 ||    51

Table legend: (Time is in decaauts)
 A = Elapsed time spent in this place.
 B = Non-inter-level travel time spent in this place.
 C = Inter-level travel time spent in this place.
 D = Time resting spent in this place.
 E = Time spent auto-exploring this place.
 F = Levels seen in this place.
 G = Mean time per level.
                   A        B        C        D        E       F      G
               +--------+--------+--------+--------+--------+-----+--------+
         Total |   2767 |   2615 |    152 |      0 |   1914 |   3 |  922.3 |
       Dungeon |   2767 |   2615 |    152 |      0 |   1914 |   3 |  922.3 |
               +--------+--------+--------+--------+--------+-----+--------+

Top non-repeatable levels by time:
     D:2: 1255 daAuts
     D:1: 991 daAuts
     D:3: 519 daAuts
